 Dungeon Crawl Stone Soup version 0.30.0-29-ga12c61a403 (webtiles) character file.

Game seed: 1035822804501879547

81 Josd the Cudgeller (level 4, 0/23 (27) HPs)
             Began as a Gargoyle Reaver on June 20, 2023.
             Slain by an orc
             ... wielding a +0 short sword
              (4 damage)
             ... on level 2 of the Dungeon.
             The game lasted 00:02:45 (1196 turns).

Josd the Cudgeller (Gargoyle Reaver)                Turns: 1196, Time: 00:02:46

HP:   0/23 (27)     AC:  9    Str: 23    XL:     4   Next: 40%
MP:   7/7           EV: 11    Int: 14    God:
Gold: 105           SH:  0    Dex:  8    Spells: 6/7 levels left

rFire   . . .        j - +2 flail (heavy)
rCold   . . .        (no shield)
rNeg    + . .        f - +0 ring mail
rPois   ∞            (no helmet)
rElec   +            (no cloak)
rCorr   .            (no gloves)
SInv    .            (no boots)
Will    .....        (no amulet) Stlth
                     i - +6 ring of strength
HPRegen 0.23/turn    (no ring)
MPRegen 0.10/turn

%: no passive effects
@: heavily drained
A: sickness immunity, AC +3, negative energy resistance 1, electricity
resistance, torment resistance 1, petrification resistance
a: no special abilities


You were on level 2 of the Dungeon.
You visited 1 branch of the dungeon, and saw 2 of its levels.

You collected 105 gold pieces.

Inventory:

Hand Weapons
 a - a +0 mace
 j - a +2 heavy flail (weapon)
Armour
 b - a +0 leather armour
 f - a +0 ring mail (worn)
 l - a scarf of invisibility
Jewellery
 i - a +6 ring of strength (left hand)
Wands
 k - a wand of charming (2)
Scrolls
 d - a scroll of fear {unknown}
 g - a scroll of torment {unknown}
 h - a scroll of noise {unknown}
 o - a scroll of identify {unknown}
Potions
 c - a potion of mutation {unknown}
 e - a potion of degeneration {unknown}
 m - a potion of berserk rage {unknown}
 n - a potion of curing {unknown}


   Skills:
 + Level 2.6 Fighting
 + Level 3.9 Maces & Flails
 + Level 1.9 Armour
 + Level 1.9 Dodging
 + Level 2.0 Spellcasting
 + Level 3.6 Conjurations
 + Level 0.1 Necromancy


You had 6 spell levels left.
You knew the following spells:

 Your Spells              Type           Power      Damage    Failure   Level
a - Kiss of Death         Conj/Necr      24%        2d7       17%         1

Your spell library contained the following spells:

 Spells                   Type           Power      Damage    Failure   Level
 Momentum Strike          Conj/Tloc      12%        3d8       26%         2
 Slow                     Hex            4%         N/A       36%         1
 Hailstorm                Conj/Ice       6%         3d4       47%         3
 Vampiric Draining        Necr           1%         2d6       71%         3
 Confusing Touch          Hex            1%         N/A       73%         3


Dungeon Overview and Level Annotations

Branches:
Dungeon (2/15)

Altars:
Yredelemnul

Shops:
D:1 [


Innate Abilities, Weirdness & Mutations

You are immune to sickness and miasma.
Your stone body is resilient. (AC +3)
You are immune to poison.
You resist negative energy. (rN+)
You are resistant to electric shocks. (rElec)
You are resistant to unholy torment.
You are immune to petrification.


Message History

The dart slug launches a dart at you. The slug dart misses you.
The rat closely misses you.
You hit the dart slug.
You kill the dart slug!
The rat closely misses you.
You sock the orc!
You kill the orc!
The rat bites you but does no damage. The hobgoblin barely misses you.
The rat closely misses you.
You hit the rat.
The rat is heavily wounded.
The hobgoblin completely misses you. The rat bites you but does no damage.
The orc hits you with a +0 short sword. The rat barely misses you.
The hobgoblin misses you.
You bludgeon the rat!!
You kill the rat!
The orc hits you with a +0 short sword.
The hobgoblin hits you but does no damage.
The orc hits you but does no damage. The hobgoblin closely misses you.
The orc hits you but does no damage.
You barely miss the orc. The orc barely misses you. The hobgoblin hits you.
The orc hits you but does no damage. The orc barely misses you.
The orc hits you but does no damage. The hobgoblin barely misses you.
The orc attacks as you move away! The orc hits you with a +0 short sword.
You barely miss the orc. The orc misses you. The orc completely misses you.
You barely miss the orc. The orc closely misses you.
You closely miss the orc. The orc barely misses you.
The orc hits you but does no damage.
You bludgeon the orc!!
You kill the orc!
The hobgoblin hits you.
* * * LOW HITPOINT WARNING * * *
You thump the hobgoblin!
You kill the hobgoblin!
The orc hits you with a +0 short sword.
* * * LOW HITPOINT WARNING * * *
You completely miss the orc. The orc hits you with a +0 short sword.
* * * LOW HITPOINT WARNING * * *
The orc hits you with a +0 short sword.
You die...

#.#####.###.##.#
## #.# #.# ##.#
#.# #.# #.#
#.#####.## #.#
#........## #.#
#.#####... ...
#.# ##.#
#.######)##.##.
#....@o.†§§§...
########).§§###
.§..# .#§.#
.#.## .# # .# )#


You could see an orc.

Vanquished Creatures
  4 adders (D:2)
  A worm (D:2)
  2 dart slugs (D:2)
  4 orcs (D:2)
  2 ball pythons
  2 bats
  2 endoplasms (D:1)
  A giant cockroach (D:1)
  3 goblins (D:1)
  3 hobgoblins
  2 jackals (D:2)
  A quokka (D:1)
  A frilled lizard (D:1)
  2 kobolds (D:1)
  4 rats
34 creatures vanquished.

Notes
Turn   | Place    | Note
-------+----------+-------------------------------------------
     0 | D:1      | Josd the Gargoyle Reaver began the quest for the Orb.
     0 | D:1      | Reached XP level 1. HP: 12/12 MP: 3/3
   184 | D:1      | Reached XP level 2. HP: 17/17 MP: 5/5
   236 | D:1      | Found Usmoduol's Antique Armour Shop.
  1016 | D:2      | Reached skill level 1 in Armour
  1016 | D:2      | Reached XP level 3. HP: 22/22 MP: 6/6
  1070 | D:2      | Reached XP level 4. HP: 20/21 MP: 7/7
  1120 | D:2      | Found a basalt altar of Yredelemnul.
  1173 | D:2      | Found a faded altar of an unknown god.
  1181 | D:2      | Identified the +2 robe "Qokefug" {-Cast Dex+2 Slay+3}
  1196 | D:2      | Slain by an orc

Illustrated notes

Levels and vault maps discovered:
D:1:      scummos_arrival_forest, layout_basic, serial_shops,
          nicolae_shop_dealshenge
D:2:      layout_loops_ring, basic_altar, ebering_ecumenical_altar_mist

Skill      XL: |  1  2 |
---------------+-------+-----
Armour         | 1 |  1.9
Fighting       | |  2.6
Maces & Flails | |  3.9
Dodging        | |  1.9
Spellcasting   | |  2.0
Conjurations   | |  3.6
Necromancy     | |  0.1

Action                     |  1- 3 |  4- 6 || total
---------------------------+-------+-------++-------
  Melee: Mace              |    39 |       ||    39
         Punch             |     1 |       ||     1
         Flail             |    18 |    28 ||    46
   Cast: Kiss of Death     |     2 |       ||     2
 Armour: Ring mail         |    21 |    28 ||    49
  Dodge: Dodged            |    40 |    48 ||    88
